 Dungeon Crawl Stone Soup version 0.24.0-123-gd5b16e6ec5 (webtiles) character file.

Game seed: 17296015226161122286, levelgen mode: deterministic

32 marak the Skirmisher (level 3, -2/23 HPs)
             Began as a Gargoyle Monk on Dec 18, 2019.
             Killed from afar by an orc wizard (4 damage)
             ... with a magic dart
             ... on level 3 of the Dungeon.
             The game lasted 00:02:03 (1254 turns).

marak the Skirmisher (Gargoyle Monk)                Turns: 1254, Time: 00:02:04

Health: -2/23      AC:  8    Str: 15    XL:     3   Next: 25%
Magic:  4/4        EV: 11    Int: 10    God:
Gold:   123        SH:  0    Dex: 12    Spells: 3/3 levels left

rFire    + . .     SeeInvis .   a - +0 hand axe
rCold    + . .     Gourm    .   (no shield)
rNeg     + . .     Faith    .   j - +0 ring mail
rPois    ∞         Spirit   .   (no helmet)
rElec    +         Reflect  .   (no cloak)
rCorr    +         Harm     .   (no gloves)
MR       .....                  (no boots)
Stlth    +.........             (no amulet)
HPRegen  0.07/turn              (no ring)
MPRegen  0.09/turn              (no ring)

@: resistant, hasted, very quick
A: negative energy resistance 1, electricity resistance, unbreathing,
petrification resistance, rot immunity, AC +3
a: no special abilities


You were on level 3 of the Dungeon.
You were very hungry.

You visited 1 branch of the dungeon, and saw 3 of its levels.

You collected 123 gold pieces.

Inventory:

Hand Weapons
 a - a +0 hand axe (weapon)
Missiles
 g - 72 stones (quivered)
Armour
 b - a +0 robe
 h - a cursed +0 scale mail
 j - a +0 ring mail (worn)
Scrolls
 d - 2 scrolls of noise {unknown}
 e - a scroll of fear {unknown}
 i - a scroll of remove curse {unknown}
 k - a scroll of magic mapping {unknown}
 l - 2 scrolls of teleportation {unknown}
Comestibles
 c - 2 rations


   Skills:
 + Level 3.4 Fighting
 + Level 2.9 Axes
 + Level 0.7 Throwing
 + Level 0.8 Armour
 + Level 2.6 Dodging
 + Level 2.5 Stealth
 + Level 0.8 Spellcasting


You had 3 spell levels left.
You didn't know any spells.
Your spell library was empty.

Dungeon Overview and Level Annotations

Branches:
Dungeon (3/15)

Altars:

Annotations:
D:2 Terence


Innate Abilities, Weirdness & Mutations

You are resistant to torment.
Your stone body is resilient. (AC +3)
You are immune to poison.
You resist negative energy. (rN+)
You are resistant to electric shocks. (rElec)
You can survive without breathing.
You are immune to petrification.
You are immune to rotting.


Message History

You feel protected. Something hits you but does no damage.
You miss something. Something hits you.
* * * LOW HITPOINT WARNING * * *
You barely miss something.
Something hits you but does no damage. x2
You hit something. Something hits you.
* * * LOW HITPOINT WARNING * * *
You barely miss something. Something hits you but does no damage.
You aren't carrying any items that you can evoke.
You hit something. Something hits you but does no damage.
You miss something.
You hear some strange, mumbled words.
A puff of flame appears from out of thin air!
The puff of flame hits you. You resist.
* * * LOW HITPOINT WARNING * * *
You miss something.
You hear some strange, mumbled words.
A magic dart appears from out of thin air!
The magic dart hits you.
You die...

#. #.#..>.... #.
.#######...######
######.
...............#
.o.....###
#########.####.#
.[oo.....#######.....#
#...........#####
#.#.#########
#.#(########
#.#.({@....#
#.########.# #. #. #.


There were no monsters in sight!

Vanquished Creatures
  An ooze (D:1)
  2 leopard geckos (D:1)
  An orc (D:3)
  3 bats
  A giant cockroach (D:1)
  4 goblins (D:1)
  2 hobgoblins (D:1)
  3 kobolds (D:1)
  3 frilled lizards (D:1)
  3 rats (D:1)
23 creatures vanquished.

Notes
Turn   | Place    | Note
-------+----------+-------------------------------------------
     0 | D:1      | marak the Gargoyle Monk began the quest for the Orb.
     0 | D:1      | Reached XP level 1. HP: 14/14 MP: 1/1
   280 | D:1      | Reached XP level 2. HP: 18/19 MP: 2/2
   530 | D:1      | Reached XP level 3. HP: 22/23 MP: 2/4
  1173 | D:2      | Noticed Terence
  1254 | D:3      | Killed from afar by an orc wizard

Levels and vault maps discovered:
D:1:      minmay_arrival_semitransparent, layout_rooms
D:2:      layout_rooms, minmay_tetromino_o2, uniq_terence
D:3:      layout_loops_ring

Action                   || total
-------------------------++-------
Melee: Hand axe          ||    96
Throw: Stone             ||     2
  Use: Potion            ||     2
 Stab: Sleeping          ||     3
Armor: Robe              ||    15
       Ring mail         ||    31
Dodge: Dodged            ||    75
